 Dungeon Crawl Stone Soup version 0.28.0 (webtiles) character file.

Game seed: 12501624692326661311

95 mandarbmax the Poker (level 4, -15/45 HPs)
             Began as a Merfolk Summoner on Feb 11, 2022.
             Killed by an exploding orc (23 damage)
             ... ignited by their inner flame
             ... on level 2 of the Dungeon.
             The game lasted 00:05:20 (2164 turns).

mandarbmax the Poker (Merfolk Summoner)             Turns: 2164, Time: 00:05:21

Health: -15/45     AC: 22    Str: 10    XL:     4   Next: 65%
Magic:  1/7        EV:  2    Int: 14    God:
Gold:   78         SH:  0    Dex: 14    Spells: 4/7 levels left

rFire   . . .      SeeInvis .   b - +0 spear
rCold   . . .      Faith    +   (no shield)
rNeg    . . .      Spirit   .   (armour currently unavailable)
rPois   +          Reflect  .   (helmet currently unavailable)
rElec   .          Harm     .   (cloak currently unavailable)
rCorr   .          Rampage  .   (gloves currently unavailable)
Will    .....      NoTele   +   (boots currently unavailable)
Stlth   ++........              f - amulet of faith
HPRegen 0.15/turn               (no ring)
MPRegen 0.10/turn               (no ring)

@: brilliant, tree-form
A: stationary, stasis, torment immunity, boosted hp, (nimble swimmer 2),
(mertail)
a: no special abilities


You were on level 2 of the Dungeon.
You were a tree.
You visited 1 branch of the dungeon, and saw 2 of its levels.

You collected 78 gold pieces.

Inventory:

Hand Weapons
 b - a +0 spear (weapon)
Missiles
 l - 2 poisoned darts
Armour
 g - the +2 robe "Kannog" (melded) {Str+3}
   (You found it on level 2 of the Dungeon)

   Str:       It affects your strength (+3).
 n - the +1 Delatra's gloves {ID++}
   (You found it on level 2 of the Dungeon)

   It heals its wearer when they drink unknown potions.
   It restores its wearer's MP when they read unknown scrolls.
Jewellery
 f - an amulet of faith (around neck)
 h - an amulet of guardian spirit
Scrolls
 d - 2 scrolls of identify
 i - a scroll of acquirement
Potions
 c - a potion of mutation
 m - a potion of brilliance


   Skills:
 + Level 5.8 Polearms
 - Level 3.0 Dodging
 - Level 2.1 Stealth
 - Level 2.0 Spellcasting
 - Level 4.0 Summonings


You had 4 spell levels left.
You knew the following spells:

 Your Spells              Type           Power      Damage    Failure   Level
a - Summon Small Mammal   Summ           72%        N/A       4%          1
b - Call Imp              Summ           18%        N/A       7%          2

Your spell library contained the following spells:

 Spells                   Type           Power      Damage    Failure   Level
 Call Canine Familiar     Summ           18%        N/A       14%         3
 Summon Guardian Golem    Hex/Summ       10%        N/A       30%         3
 Summon Lightning Spire   Summ/Air       10%        N/A       71%         4


Dungeon Overview and Level Annotations

Branches:
Dungeon (2/15)

Altars:
Qazlal

Shops:
D:1 (


Innate Abilities, Weirdness & Mutations

You are a tree.
Your roots penetrate the ground, keeping you stationary.
You cannot be teleported.
You are immune to unholy pain and torment.
Your maximum health is greatly increased.
Your equipment is partially melded.
((You are very nimble when in or above water. (Stealth+, EV+, Speed+++)))
((Your lower body shifts to a powerful aquatic tail in water.))


Message History

The orc hits you but does no damage. x2; Your crimson imp hits something.
Flame seeps out of something.
Reactivating autopickup.
You feel a bit more experienced.
The orc wizard explodes!
The fiery explosion engulfs your crimson imp.
Your crimson imp completely resists.
The orc hits you but does no damage. The orc barely misses you.
Unknown command.
Unknown command.
Unknown command.
Casting: Call Imp (safe; 7% risk of failure)
Confirm with . or Enter, or press ? or * to list all spells.
You feel a surge of power! The orc hits you but does no damage.
The orc hits you with a +0 whip.
* * * LOW HITPOINT WARNING * * *
Unknown command.
Casting: Summon Small Mammal (safe; 4% risk of failure)
Confirm with . or Enter, or press ? or * to list all spells.
You feel a surge of power!
Your bat is engulfed in blazing flames.
You kill your bat!
Your bat's corpse disappears in a puff of smoke!
The orc hits you but does no damage. x2
Your crimson imp closely misses your quokka.
Your crimson imp hits itself but does no damage.
Unknown command.
Unknown command.
Casting: Summon Small Mammal (safe; 4% risk of failure)
Confirm with . or Enter, or press ? or * to list all spells.
You feel a surge of power! The orc hits you but does no damage. x2
Your quokka bites the orc.
Flame seeps out of the orc.
Unknown command.
The orc hits you but does no damage.
The orc is engulfed in blazing flames.
The orc explodes!
The fiery explosion engulfs your quokka!!
You kill your quokka!
Your quokka's corpse disappears in a puff of smoke!
The fiery explosion engulfs you!!
Ouch! That really hurt!
You die...

#### *,,,,,,,,,,* *,,,,,,* ...#
*,,,,,,,,,,* *,,,,,,* ...#
*,,,,,,,,,,* *,,..,,### ...#
*,,,,,,,,,,********,,...,+.. ...#
*,,,,,,,,,,,,,,,,**,,....### #.##
*,,,>,,,,,,*,***,**,,....### #.#
*,,,,,,,,,,*,* *,,,,,*###...
..####.,#############******#.....
#......,#.?.#..○♣...#,,,,,,+.....
#......,#...'.§§o.r.#*##*###.....
..._...,#(..#5§.....#...*..[....>
#.....#*###*#)......'...*,.##....
.......,,,,,#§§)....#.!.*,,*#....
################'#######*####...)
..............#...# #..# #.......
#.............#8.8###..###.##.#.#
#............##...#.........###.#


You could see an orc (inner flame, ally target), a friendly crimson imp
(summoned, inner flame, confused) and a friendly quokka (summoned).

Vanquished Creatures
  An orc wizard (D:2)
  An adder (D:2)
  A dart slug (D:1)
  An orc (D:2)
  7 bats
  2 endoplasms (D:2)
  A giant cockroach (D:2)
  2 goblins (D:2)
  2 jackals (D:2)
  A kobold (D:2)
  A quokka (D:2)
  2 ball pythons
  A frilled lizard (D:1)
  6 rats
29 creatures vanquished.

Vanquished Creatures (collateral kills)
  An adder (D:2)
  A worm (D:2)
  A dart slug (D:2)
  An orc (D:2)
  A bat (D:2)
  3 goblins
  2 hobgoblins (D:1)
  A quokka (D:1)
  3 ball pythons
  A kobold (D:1)
  2 rats (D:1)
17 creatures vanquished.

Grand Total: 46 creatures vanquished

Notes
Turn   | Place    | Note
-------+----------+-------------------------------------------
     0 | D:1      | mandarbmax the Merfolk Summoner began the quest for the
                  | Orb.
     0 | D:1      | Reached XP level 1. HP: 13/13 MP: 3/3
    97 | D:1      | Reached skill level 1 in Polearms
   184 | D:1      | Reached skill level 2 in Polearms
   184 | D:1      | Reached XP level 2. HP: 19/19 MP: 0/5
   382 | D:1      | Found Qegoq's Antique Weapon Shop.
   491 | D:1      | Learned a level 2 spell: Call Imp
   548 | D:1      | Reached skill level 3 in Polearms
  1114 | D:2      | Reached XP level 3. HP: 21/24 MP: 6/6
  1128 | D:2      | Identified the +2 robe "Kannog" {Str+3}
  1332 | D:2      | Reached skill level 4 in Polearms
  1780 | D:2      | Found a stormy altar of Qazlal.
  1851 | D:2      | Reached skill level 5 in Polearms
  1851 | D:2      | Reached XP level 4. HP: 13/30 MP: 0/7
  2128 | D:2      | Found the +1 Delatra's gloves {ID++}
  2156 | D:2      | Identified a scroll of acquirement
  2164 | D:2      | Killed by an exploding orc... ignited by their inner flame

Illustrated notes

Levels and vault maps discovered:
D:1:      dpeg_arrival_shelter, layout_loops_corners, serial_shops, shop,
          chequers_serial_rivers_micro_b
D:2:      layout_basic, basic_altar, pf_guarded_unrand_delatra

Skill      XL: |  1  2  3 |
---------------+----------+-----
Dodging        | 3 |  3.0
Polearms       | 2 3 5 |  5.8
Stealth        | |  2.1
Spellcasting   | |  2.0
Summonings     | |  4.0

Action                   |  1- 3 |  4- 6 || total
-------------------------+-------+-------++-------
Melee: Spear             |   154 |    30 ||   184
       Unarmed           |     1 |       ||     1
       Punch             |     2 |       ||     2
 Cast: Summon Small Mamm |    20 |     5 ||    25
       Call Imp          |    10 |     2 ||    12
  Use: Scroll            |       |     4 ||     4
       Potion            |       |     2 ||     2
 Stab: Sleeping          |     8 |     1 ||     9
       Distracted        |     1 |       ||     1
Armor: Robe              |    28 |     6 ||    34
       Skin              |       |    11 ||    11
Dodge: Dodged            |    91 |    21 ||   112
